Map: Radhuset Station LE

Players

lIllIIlIIIlI - Winner!

  • Race: Zerg Zerg
  • League: Platinum
  • Spawn Location: 1:00

MrPoopyButt

  • Race: Protoss Protoss
  • League: Platinum
  • Spawn Location: 7:00

VOD

Have the link to the VOD?

Description

Time

  • Played on: Feb. 26, 2024, 7:40 a.m.
  • Length: 19:22
Show
View Real Time Build Order
Export as new Build Order

lIllIIlIIIlI Zerg - Winner!

Build Orders: Pool First, Roach Hydra 

Get SALT Encoding   

  12  0:00  Drone  
  13  0:08  Drone  
  14  0:18  Overlord  
  14  0:36  Drone x2  
  14  0:37  Drone  
  17  0:46  Spawning Pool  
  17  0:48  Drone  
  17  1:11  Hatchery  
  17  1:17  Drone  
  17  1:18  Extractor  
  16  1:20  Drone  
  17  1:32  Queen  
  17  1:34  Zergling x2  
  17  1:37  Zergling x2  
  21  1:44  Overlord  
  21  1:53  Drone  
  22  2:05  Drone  
  23  2:08  Queen  
  25  2:21  Drone  
  26  2:23  Drone  
  26  2:25  Queen  
  29  2:34  Drone  
  29  2:37  Overlord  
  30  2:45  Drone x3  
  32  3:08  Drone x6  
  37  3:28  Hatchery  
  37  3:32  Drone x5  
  41  3:38  Extractor  
  40  3:51  Overlord x2  
  40  3:55  Drone x4  
  44  4:03  Extractor x2  
  44  4:05  Drone x2  
  44  4:10  Lair  
  44  4:12  Drone x2  
  44  4:13  Drone x2  
  48  4:17  Queen  
  50  4:42  Drone x2  
  52  4:48  Overlord x3  
  52  4:57  Roach Warren  
  51  5:02  Drone x3  
  54  5:22  Nydus Network  
  54  5:24  Drone  
  54  5:25  Drone x8  
  54  5:26  Drone x3  
  65  5:36  Glial Reconstitution  
  65  5:43  Queen  
  67  5:53  Extractor  
  67  5:54  Extractor  
  65  6:00  Drone x7  
  65  6:01  Drone x2  
  74  6:10  Hydralisk Den  
  73  6:14  Drone x3  
  73  6:15  Roach, Evolution Chamber  
  73  6:16  Roach x6, Evolution Chamber  
  73  6:18  Overlord  
  88  6:39  Roach x5  
  98  6:41  Overlord x3  
  98  6:44  Zerg Missile Weapons Level 1, Zerg Ground Armor Level 1  
  98  6:45  Grooved Spines  
  98  6:49  Hatchery  
  98  6:50  Overlord x3  
  97  6:55  Tunneling Claws  
  97  7:13  Roach x9  
  115  7:22  Drone x4  
  119  7:23  Infestation Pit  
  119  7:24  Overlord  
  119  7:25  Overlord  
  118  7:35  Lurker Den  
  117  7:38  Overlord  
  117  7:39  Overlord x2  
  117  7:40  Infestation Pit  
  117  7:41  Hydralisk x2  
  120  8:10  Hydralisk x6  
  120  8:11  Hydralisk x2, Extractor  
  120  8:12  Extractor  
  134  8:15  Muscular Augments  
  134  8:19  Hive  
  134  8:28  Queen x2  
  134  8:30  Overlord x2  
  134  8:31  Overlord  
  138  8:38  Zerg Missile Weapons Level 2  
  138  8:39  Zerg Ground Armor Level 2  
  136  8:47  Hydralisk  
  136  8:48  Hydralisk x10  
  148  9:10  Hydralisk x9  
  148  9:16  Queen  
  148  9:28  Drone x8  
  148  9:29  Drone x3  
  137  9:49  Hatchery  
  136  9:56  Queen x2  
  140  10:17  Drone x9  
  149  10:51  Adaptive Talons  
  149  10:52  Ultralisk Cavern  
  148  10:57  Hatchery  
  147  11:14  Drone x13  
  147  11:15  Drone x3  
  163  11:31  Hydralisk  
  163  11:32  Hydralisk x7  
  179  11:38  Metabolic Boost  
  179  11:42  Zerg Missile Weapons Level 3, Zerg Ground Armor Level 3  
  179  11:46  Neural Parasite  
  179  11:48  Evolution Chamber  
  178  12:07  Roach x10  
  178  12:08  Roach  
  200  12:10  Overlord  
  200  12:11  Overlord x2  
  200  12:17  Pneumatized Carapace  
  200  12:21  Overseer x2  
  200  12:58  Nydus Canal  
  200  13:09  Overlord x4  
  198  14:01  Extractor  
  198  14:02  Extractor  
  176  14:11  Hydralisk  
  176  14:12  Hydralisk x23  
  187  14:18  Hydralisk x7  
  161  14:38  Roach  
  161  14:39  Roach x15  
  191  14:46  Queen x2  
  189  15:20  Roach  
  189  15:21  Roach x4  
  199  15:24  Zerg Melee Weapons Level 1  
  197  15:57  Roach x2  
  197  15:58  Overlord  
  197  15:59  Overlord x2  
  199  16:36  Overseer x2  
  199  16:48  Hatchery  
  168  17:11  Hydralisk  
  168  17:12  Hydralisk x15  
  186  17:40  Roach x12  
  186  18:10  Seismic Spines  
  186  18:11  Ultralisk Cavern  
  185  18:35  Roach x7  
  165  18:59  Roach x12  
  165  19:00  Roach x5  
Show
View Real Time Build Order
Export as new Build Order

MrPoopyButt Protoss 

Build Orders: Chargelot Immortal 

Get SALT Encoding   

  12  0:11  Pylon  
  12  0:14  Probe  
  13  0:26  Probe  
  14  0:34  Gateway  
  14  0:40  Probe  
  15  0:50  Gateway  
  15  0:53  Probe (Chrono Boost)  
  17  1:05  Probe (Chrono Boost)  
  17  1:06  Pylon  
  17  1:12  Probe (Chrono Boost)  
  18  1:21  Zealot  
  20  1:38  Assimilator  
  20  1:39  Probe  
  21  1:41  Zealot  
  23  1:57  Nexus  
  23  2:00  Probe  
  24  2:12  Cybernetics Core  
  24  2:16  Probe  
  24  2:20  Zealot  
  27  2:29  Probe  
  28  2:30  Assimilator  
  28  2:46  Warp Gate (Chrono Boost)  
  28  2:51  Stalker  
  30  3:13  Adept  
  30  3:15  Probe  
  30  3:19  Gateway  
  33  3:21  Pylon  
  33  3:22  Probe  
  34  3:27  Probe  
  34  3:32  Robotics Facility  
  35  3:38  Assimilator  
  35  3:41  Probe  
  35  3:44  Pylon  
  36  3:50  Pylon  
  36  3:52  Probe  
  37  3:56  Stalker  
  37  3:57  Zealot  
  37  4:02  Probe  
  42  4:04  Probe  
  43  4:16  Forge  
  43  4:18  Twilight Council  
  43  4:30  Immortal  
  47  4:33  Probe  
  48  4:39  Pylon  
  48  4:43  Protoss Ground Weapons Level 1 (Chrono Boost), Probe (Chrono Boost)  
  49  4:50  Probe (Chrono Boost)  
  50  4:57  Probe (Chrono Boost)  
  52  5:00  Probe (Chrono Boost)  
  52  5:09  Immortal  
  52  5:12  Charge  
  56  5:14  Probe  
  56  5:15  Shield Battery  
  57  5:23  Stalker  
  57  5:25  Zealot  
  57  5:26  Probe  
  62  5:37  Forge  
  62  5:39  Probe  
  63  5:44  Stalker  
  65  5:54  Assimilator  
  65  5:55  Probe  
  66  5:58  Immortal  
  70  6:05  Zealot  
  70  6:07  Zealot  
  74  6:18  Shield Battery  
  74  6:21  Photon Cannon  
  74  6:25  Protoss Ground Armor Level 1 (Chrono Boost), Probe  
  75  6:27  Protoss Ground Weapons Level 2 (Chrono Boost), Gateway  
  75  6:37  Probe  
  76  6:47  Pylon  
  76  6:49  Stalker  
  76  6:50  Pylon  
  76  6:53  Resonating Glaives  
  78  7:08  Nexus  
  78  7:14  Gateway  
  78  7:19  Zealot x2  
  78  7:21  Adept  
  84  7:34  Warp Prism  
  86  7:39  Gateway  
  86  7:43  Gateway  
  86  7:46  Pylon  
  86  7:55  Adept x2  
  86  7:56  Zealot  
  92  8:07  Gateway  
  92  8:09  Gateway  
  92  8:18  Immortal  
  96  9:03  Zealot x4  
  96  9:04  Zealot x4  
  90  9:23  Zealot x3  
  90  9:24  Zealot x5  
  62  9:46  Nexus  
  62  9:53  Pylon  
  62  9:54  Zealot x2  
  62  10:15  Templar Archives  
  62  10:18  Adept x4  
  70  10:21  Adept  
  70  10:24  Zealot  
  70  10:28  Zealot  
  76  10:35  Probe  
  77  10:42  Zealot x2  
  81  10:47  Probe  
  82  10:54  High Templar  
  82  10:55  High Templar x3  
  82  10:56  High Templar  
  82  10:57  High Templar  
  94  10:58  Archon  
  94  10:59  Archon  
  94  11:00  Archon  
  94  11:02  High Templar  
  94  11:03  High Templar  
  98  11:07  Archon  
  98  11:12  Assimilator  
  98  11:13  Assimilator  
  98  11:18  High Templar  
  100  11:27  High Templar  
  100  11:28  High Templar x2  
  100  11:29  High Templar x2  
  100  11:31  Zealot  
  100  11:32  Archon x2  
  112  11:33  Archon  
  112  11:37  Immortal  
  117  11:41  Probe (Chrono Boost)  
  117  11:44  Probe (Chrono Boost)  
  118  11:51  Probe (Chrono Boost)  
  120  11:54  Probe (Chrono Boost)  
  120  11:56  Probe (Chrono Boost)  
  121  12:03  Shield Battery  
  121  12:04  Protoss Ground Weapons Level 3 (Chrono Boost)  
  121  12:05  Gateway, Protoss Ground Armor Level 2 (Chrono Boost)  
  121  12:10  Gateway  
  121  12:14  Probe (Chrono Boost)  
  124  12:24  Probe (Chrono Boost)  
  124  12:25  Probe (Chrono Boost)  
  124  12:28  Immortal  
  128  12:33  Probe (Chrono Boost)  
  128  12:36  Probe (Chrono Boost)  
  130  12:38  Pylon  
  130  12:40  Pylon  
  130  12:42  Probe (Chrono Boost)  
  130  12:43  Pylon, Probe (Chrono Boost)  
  132  12:48  Probe (Chrono Boost)  
  133  13:06  Photon Cannon  
  133  13:08  Observer  
  133  13:09  Gateway  
  133  13:10  Pylon  
  134  13:15  Assimilator  
  134  13:17  High Templar x2  
  134  13:18  High Templar x2  
  134  13:19  High Templar x2  
  146  13:21  Archon  
  146  13:22  Archon  
  146  13:23  Archon  
  146  13:37  Robotics Bay  
  144  14:07  Zealot x7  
  144  14:08  Zealot x5  
  82  14:28  High Templar x3  
  82  14:29  High Templar x2  
  82  14:30  Zealot  
  92  14:31  Zealot x4  
  92  14:32  Zealot  
  92  14:33  Archon x2  
  92  14:38  Zealot  
  80  15:09  High Templar  
  80  15:10  High Templar x4  
  80  15:11  High Templar, Zealot x2  
  80  15:12  Zealot x4  
  82  15:17  Archon  
  82  15:18  Archon x2  
  82  15:19  Probe  
  67  15:30  Gateway  
  67  15:31  Probe  
  67  15:35  Colossus  
  64  15:37  Zealot x4  
  64  15:38  Zealot  
  64  15:51  Zealot x3  
  64  15:52  Zealot  
  70  16:11  Zealot x4  
  74  16:12  Zealot, High Templar  
  74  16:13  High Templar x3  
  74  16:16  Archon  
  74  16:17  Archon  
  88  16:28  Disruptor (Chrono Boost)  
  92  16:32  Extended Thermal Lance  
  92  16:34  Zealot x5  
  102  16:46  Zealot  
  102  16:47  Zealot x3  
  76  17:11  Zealot x3  
  76  17:12  Zealot x4  
  81  17:23  Zealot x2  
  77  17:49  Zealot  
  77  17:50  Zealot x6  
  77  17:51  Zealot x2  
  91  18:02  Colossus  
  97  18:13  High Templar  
  97  18:14  High Templar x3  
  97  18:15  High Templar x3  
  97  18:16  High Templar  
  97  18:17  High Templar  
  115  18:20  Archon x3  
  115  18:21  Archon  
  115  18:36  Nexus  
  56  18:56  Zealot x4  
  62  19:03  Zealot  
  62  19:04  High Templar  
  62  19:05  High Templar  
  62  19:08  Archon  
  68  19:13  Zealot x2  
Tags
 
Add a new tag
Caveats
  • Supply blocks, unpowered buildings, or Contaminate may cause inaccurate times.
  • Supply counts are checked every 10 seconds.